[Event "Team 45 45 League T100"]
[Site "Internet Chess Club"]
[Date "2024.06.15"]
[Round "5"]
[White "trombone"]
[Black "fishhead"]
[Result "0-1"]
[WhiteElo "1801"]
[BlackElo "2040"]
[Opening "Alekhine's defense: exchange variation"]
[ECO "B03"]
[Time "14:00:53"]
[PlyCount "72"]
[TimeControl "2700+45"]

1. e4 Nf6 2. e5 Nd5 3. d4 d6 4. c4 Nb6 5. exd6 exd6 6. Nc3 Be7 7. Be2 O-O 8. Nf3
Nc6 9. Be3 Bf5 10. O-O d5 11. b3 Bf6 12. Qd2 Re8 13. Rfd1 Qd7 14. h3 Rad8 15.
Rac1 Ne7 16. Bg5 Bxg5 17. Qxg5 f6 18. Qd2 c6 19. Nh2 Be6 20. c5 Nbc8 21. b4 Nf5
22. b5 Nce7 23. a4 Qc7 24. Rb1 Ng6 25. b6 axb6 26. Rxb6 Bc8 27. a5 Nf4 28. Bf1
Ne6 29. Nf3 Rd7 30. a6 bxa6 31. Bxa6 Bxa6 32. Rxa6 Rde7 33. Rb1 Nfxd4 34. Nxd4
Nxd4 35. Ra2 Re5 36. Rf1 Nb3 {White resigns} 0-1

[Event "Team 45 45 League T100"]
[Site "Internet Chess Club"]
[Date "2024.06.15"]
[Round "5"]
[White "ElValero"]
[Black "Lawkeito"]
[Result "1-0"]
[WhiteElo "1712"]
[BlackElo "1676"]
[Opening "QGD: 4.Nf3"]
[ECO "D37"]
[Time "11:38:48"]
[PlyCount "57"]
[TimeControl "2700+45"]

1. Nf3 d5 2. d4 Nf6 3. c4 e6 4. Nc3 dxc4 5. e3 c5 6. Bxc4 Nc6 7. O-O Be7 8. dxc5
O-O 9. Na4 Ne4 10. Nd4 Nxc5 11. Nxc6 bxc6 12. Nxc5 Bxc5 13. Qh5 Be7 14. Rd1 Qb6
15. Bd3 g6 16. Qe5 f5 17. Bc4 Bf6 18. Qg3 Qb4 19. Bb3 c5 20. Bd2 Qb5 21. Qc7 Rf7
22. Qf4 g5 23. Qg3 c4 24. Bc2 Qxb2 25. Rac1 Qxa2 26. e4 Rg7 27. exf5 exf5 28.
Qd6 Qa6 29. Qd5+ {Black resigns} 1-0

[Event "Team 45 45 League T100"]
[Site "Internet Chess Club"]
[Date "2024.06.12"]
[Round "5"]
[White "Megasus"]
[Black "fireball"]
[Result "0-1"]
[WhiteElo "1566"]
[BlackElo "1542"]
[Opening "Réti opening"]
[ECO "A04"]
[Time "20:08:16"]
[PlyCount "96"]
[TimeControl "2700+45"]

1. Nf3 e6 2. d4 d5 3. e3 Bd7 4. Nbd2 c5 5. c3 Nf6 6. Ne5 cxd4 7. exd4 Bd6 8.
Nxd7 Nbxd7 9. Nf3 O-O 10. Bg5 h6 11. Bh4 Qc7 12. Bxf6 Nxf6 13. Bd3 Ng4 14. h3
Nf6 15. O-O a6 16. Qc2 Nh5 17. Bh7+ Kh8 18. Ne5 Bxe5 19. dxe5 Qxe5 20. Rfe1 Qg5
21. Bd3 Nf4 22. Bf1 Nxh3+ 23. Kh2 Nf4 24. Re3 Nh5 25. Be2 Nf4 26. Rg3 Qh4+ 27.
Kg1 f5 28. Qd2 Nxe2+ 29. Qxe2 Rae8 30. Rd1 f4 31. Rh3 Qg5 32. Qf3 Rf5 33. b3
Ref8 34. Rd4 R8f6 35. c4 dxc4 36. bxc4 Rf7 37. Qd3 Qe7 38. Rd8+ Kh7 39. Rd6 e5
40. c5 e4 41. Qd4 Qe5 42. Qxe5 Rxe5 43. c6 bxc6 44. Rxc6 Ra5 45. Rc2 Rff5 46.
Kf1 Rh5 47. Rhc3 Rh1+ 48. Ke2 Ra1 {White resigns} 0-1

[Event "Team 45 45 League T100"]
[Site "Internet Chess Club"]
[Date "2024.06.13"]
[Round "5"]
[White "mongmong"]
[Black "fvafier"]
[Result "1-0"]
[WhiteElo "1481"]
[BlackElo "1412"]
[Opening "Queen's pawn: Charlick (Englund) gambit"]
[ECO "A40"]
[Time "16:01:09"]
[PlyCount "73"]
[TimeControl "2700+45"]

1. d4 e5 2. dxe5 d6 3. Nf3 Nc6 4. e4 Bg4 5. exd6 Bxd6 6. Bb5 Qe7 7. Bxc6+ bxc6
8. O-O Rd8 9. Qe2 Bxf3 10. Qxf3 Qe5 11. g3 Ne7 12. Nd2 Qc5 13. c3 O-O 14. Nb3
Qb5 15. Bf4 f5 16. Bxd6 cxd6 17. exf5 Nxf5 18. Qe4 Rde8 19. Qc2 Re2 20. Nd2 Qc5
21. Qd3 Rfe8 22. Qc4+ Qxc4 23. Nxc4 d5 24. Na5 Rxb2 25. Nxc6 Rc8 26. Nb4 d4 27.
cxd4 Rxb4 28. d5 Rd4 29. Rfd1 Rxd1+ 30. Rxd1 Nd6 31. Rd3 Kf7 32. Ra3 Rc7 33. Ra6
Rd7 34. f4 Kf6 35. Kf2 Kf5 36. Kf3 Nc4 37. g4# {Black checkmated} 1-0

[Event "Team 45 45 League T100"]
[Site "Internet Chess Club"]
[Date "2024.06.16"]
[Round "5"]
[White "Packerfan"]
[Black "Goli"]
[Result "1/2-1/2"]
[WhiteElo "1722"]
[BlackElo "1755"]
[Opening "English opening"]
[ECO "A16"]
[Time "14:30:53"]
[PlyCount "65"]
[TimeControl "2700+45"]

1. c4 Nf6 2. Nc3 g6 3. g3 d6 4. d4 c6 5. Bg2 Bg7 6. Nf3 O-O 7. e4 Bg4 8. h3 Bxf3
9. Bxf3 e5 10. Be3 Na6 11. O-O Nc7 12. dxe5 dxe5 13. Qxd8 Rfxd8 14. Rad1 b6 15.
Rxd8+ Rxd8 16. Rd1 Rxd1+ 17. Bxd1 Ne6 18. f3 Kf8 19. Kf2 Ke7 20. Ne2 Nd7 21. b4
h5 22. h4 Nd4 23. Ba4 b5 24. cxb5 Nb6 25. Nc3 Nxa4 26. Nxa4 cxb5 27. Nc3 a6 28.
Nd5+ Kd6 29. a3 Nc6 30. Bc5+ Kd7 31. Nb6+ Kc7 32. Nd5+ Kd7 33. Nb6+ {Game drawn
by mutual agreement} 1/2-1/2

[Event "Team 45 45 League T100"]
[Site "Internet Chess Club"]
[Date "2024.06.15"]
[Round "5"]
[White "Salvatore"]
[Black "WillC"]
[Result "0-1"]
[WhiteElo "1415"]
[BlackElo "1544"]
[Opening "Scandinavian (center counter) defense"]
[ECO "B01"]
[Time "11:00:37"]
[PlyCount "76"]
[TimeControl "2700+45"]

1. e4 d5 2. e5 Bf5 3. Nf3 e6 4. d4 Nd7 5. Bd3 Ne7 6. Bg5 Bxd3 7. Qxd3 c5 8. c3
Qb6 9. Qc2 Rc8 10. Qe2 Nf5 11. O-O cxd4 12. cxd4 Nxd4 13. Nxd4 Qxd4 14. Re1 Bb4
15. Nc3 Bxc3 16. bxc3 Rxc3 17. Rac1 O-O 18. Rxc3 Qxc3 19. Be7 Rc8 20. Bd6 b5 21.
h3 b4 22. Rb1 a5 23. Qb5 Nxe5 24. Qxa5 Nc4 25. Qxb4 Nxd6 26. Qxd6 h6 27. a4 Qc2
28. Ra1 Qb2 29. Ra3 Rc1+ 30. Kh2 Qxf2 31. a5 Qg1+ 32. Kg3 Rc2 33. Qb8+ Kh7 34.
Qb3 Qxg2+ 35. Kf4 Qg5+ 36. Kf3 Qf5+ 37. Kg3 Qf2+ 38. Kg4 f5+ {White resigns} 0-1

[Event "Team 45 45 League T100"]
[Site "Internet Chess Club"]
[Date "2024.06.14"]
[Round "5"]
[White "ChessMaine"]
[Black "cayo89"]
[Result "0-1"]
[WhiteElo "1462"]
[BlackElo "1565"]
[Opening "Old Indian: main line"]
[ECO "A55"]
[Time "19:06:00"]
[PlyCount "114"]
[TimeControl "2700+45"]

1. d4 Nf6 2. Nf3 d6 3. c4 Nbd7 4. Nc3 e5 5. e4 Be7 6. Be2 O-O 7. O-O Re8 8. Qc2
Bf8 9. Rd1 c6 10. dxe5 dxe5 11. Bg5 Qc7 12. a3 g6 13. Rd2 Bg7 14. Rad1 Nf8 15.
Bxf6 Bxf6 16. Rd6 Ne6 17. R6d2 Nf4 18. h3 Be6 19. Bf1 Rad8 20. Rxd8 Rxd8 21. Ne1
Qc8 22. Rxd8+ Qxd8 23. b3 Be7 24. Qb2 f6 25. Ne2 Nd3 26. Nxd3 Qxd3 27. Nf4 Qd7
28. Nxe6 Qxe6 29. c5 Qd7 30. Bc4+ Kg7 31. Qc2 Bxc5 32. Be6 Bxf2+ 33. Kxf2 Qxe6
34. Qc5 b6 35. Qb4 Qd7 36. Ke2 c5 37. Qc4 Qd4 38. Qe6 Qxe4+ 39. Kf2 Qb7 40. g4
Qf7 41. Qd6 Qxb3 42. g5 Qf7 43. Kg3 fxg5 44. Qxe5+ Kh6 45. Kg2 c4 46. h4 gxh4
47. Qe3+ g5 48. Qd4 Qe6 49. Qd8 c3 50. Qf8+ Kg6 51. Qf3 c2 52. Qd3+ Qf5 53. Qd6+
Kh5 54. Qc6 h3+ 55. Kh2 c1=Q 56. Qe8+ Kh4 57. Qe2 Qff4# {White checkmated} 0-1

[Event "Team 45 45 League T100"]
[Site "Internet Chess Club"]
[Date "2024.06.18"]
[Round "5"]
[White "room-matt"]
[Black "fishhead"]
[Result "0-1"]
[WhiteElo "1812"]
[BlackElo "2047"]
[Opening "Queen's pawn game"]
[ECO "A45"]
[Time "14:30:19"]
[PlyCount "110"]
[TimeControl "2700+45"]

1. d4 Nf6 2. Nc3 e6 3. Bg5 h6 4. Bxf6 Qxf6 5. e4 Bb4 6. Nf3 c5 7. a3 Ba5 8. e5
Qe7 9. Bc4 Nc6 10. O-O Bxc3 11. bxc3 d5 12. exd6 Qxd6 13. Re1 O-O 14. Re4 Bd7
15. dxc5 Qe7 16. Rb1 Na5 17. Ne5 Rfd8 18. Qd6 Qxd6 19. cxd6 Ba4 20. Bd3 Bc6 21.
Rd4 b6 22. c4 Rac8 23. f4 Nb7 24. d7 Rc7 25. Nxc6 Rxc6 26. c5 Nxc5 27. Bb5 Rc7
28. c3 Kf8 29. f5 a6 30. Be2 b5 31. c4 bxc4 32. Bxc4 exf5 33. Rd5 g6 34. Rbd1
Rdxd7 35. Rxd7 Rxd7 36. Rxd7 Nxd7 37. Bxa6 Ke7 38. a4 Nc5 39. Bb5 Nb7 40. Kf2 g5
41. Ke3 Kd6 42. Kd4 f6 43. h3 Na5 44. Kc3 Kc5 45. Bd3 f4 46. Bb5 Nb7 47. Bd3 h5
48. Be4 Nd6 49. Bg6 h4 50. Bd3 f5 51. Be2 Ne4+ 52. Kb3 Nf6 53. Bd3 g4 54. Bxf5
f3 55. gxf3 g3 {White resigns} 0-1

[Event "Team 45 45 League T100"]
[Site "Internet Chess Club"]
[Date "2024.06.14"]
[Round "5"]
[White "ElValero"]
[Black "Beetlejuice"]
[Result "0-1"]
[WhiteElo "1696"]
[BlackElo "1726"]
[Opening "Dutch defense"]
[ECO "A86"]
[Time "13:00:42"]
[PlyCount "86"]
[TimeControl "2700+45"]

1. d4 f5 2. g3 Nf6 3. Bg2 g6 4. c4 Bg7 5. Nc3 d6 6. Bg5 c6 7. Qd2 e5 8. dxe5
dxe5 9. Qxd8+ Kxd8 10. O-O-O+ Ke7 11. e4 Nd7 12. f4 h6 13. Bh4 Kf7 14. exf5 gxf5
15. Nf3 Ng4 16. Rhe1 e4 17. Nd4 Nc5 18. Bf1 Nf2 19. Rd2 Ncd3+ 20. Bxd3 Nxd3+ 21.
Rxd3 exd3 22. Re7+ Kf8 23. Nf3 Rg8 24. Kd2 Bxc3+ 25. Kxc3 Rg7 26. Re3 Rd7 27.
Kd2 b6 28. Re6 Kg7 29. Ne5 Rc7 30. Rg6+ Kh7 31. Kxd3 Bd7 32. Rf6 Be8 33. Kc3 c5
34. Rxf5 Bg6 35. Rf6 Be4 36. Ng4 Rc6 37. Rf7+ Kg8 38. Re7 Bb1 39. Ne5 Rd6 40. a3
a5 41. g4 Rad8 42. Rb7 Rd3+ 43. Nxd3 Rxd3# {White checkmated} 0-1

[Event "Team 45 45 League T100"]
[Site "Internet Chess Club"]
[Date "2024.06.17"]
[Round "5"]
[White "bobhill"]
[Black "Salvatore"]
[Result "1-0"]
[WhiteElo "1898"]
[BlackElo "1413"]
[Opening "Queen's pawn"]
[ECO "A40"]
[Time "20:00:42"]
[PlyCount "115"]
[TimeControl "2700+45"]

1. d4 e6 2. Nf3 d5 3. Bg5 Be7 4. Bxe7 Nxe7 5. e3 O-O 6. Ne5 Nd7 7. f4 Nxe5 8.
fxe5 Nf5 9. Qf3 Qg5 10. Kf2 b6 11. Bd3 c5 12. c3 Nh4 13. Qh3 f5 14. g3 Ng6 15.
Nd2 a5 16. Nf3 Qd8 17. Qg2 Ba6 18. Bc2 Rc8 19. h4 cxd4 20. exd4 f4 21. g4 Qc7
22. Rad1 b5 23. h5 Ne7 24. Ng5 Qb6 25. Bxh7+ Kh8 26. Bd3 b4 27. Qf1 Bxd3 28.
Qxd3 Nf5 29. gxf5 Rxf5 30. Nf3 bxc3 31. bxc3 Qb2+ 32. Rd2 Qxc3 33. h6 g6 34.
Qxc3 Rxc3 35. Rb2 Rc8 36. Rb6 Rc2+ 37. Kf1 Rc1+ 38. Ne1 f3 39. Rb8+ Kh7 40. Rb7+
Kh8 41. h7 Rc8 42. Kf2 g5 43. Rg1 a4 44. Rg3 Rcf8 45. Nd3 R8f7 46. Rxf7 Rxf7 47.
Rxg5 Kxh7 48. Nc5 Re7 49. Kxf3 Kh6 50. Rg1 a3 51. Ke3 Kh5 52. Kd3 Kh4 53. Kc3
Kh3 54. Rg6 Rf7 55. Rxe6 Rf3+ 56. Nd3 Kg2 57. Rg6+ Kf1 58. Rf6 {Black resigns}
1-0

[Event "Team 45 45 League T100"]
[Site "Internet Chess Club"]
[Date "2024.06.13"]
[Round "5"]
[White "vollmerj"]
[Black "Gojira"]
[Result "1/2-1/2"]
[WhiteElo "1522"]
[BlackElo "1651"]
[Opening "Réti: King's Indian attack (Barcza system)"]
[ECO "A07"]
[Time "13:04:47"]
[PlyCount "125"]
[TimeControl "2700+45"]

1. Nf3 d5 2. g3 Nd7 3. d4 Nb6 4. Bg2 Bf5 5. c3 e6 6. Nbd2 Bd6 7. O-O h6 8. Re1
Nf6 9. Ne5 Nbd7 10. Nxd7 Qxd7 11. e4 dxe4 12. Nxe4 Be7 13. Nxf6+ Bxf6 14. Bxb7
Rb8 15. Qf3 O-O 16. Be4 Bxe4 17. Qxe4 Qb5 18. Qe2 Qa5 19. b4 Qd5 20. Be3 a5 21.
c4 Qa8 22. b5 c6 23. a4 Rfc8 24. Rab1 Rd8 25. Red1 Rd7 26. b6 Rbd8 27. c5 Bxd4
28. Bxd4 Rxd4 29. Rxd4 Rxd4 30. b7 Qb8 31. Qa6 Rb4 32. Rxb4 axb4 33. Qxc6 b3 34.
Qc8+ Kh7 35. Qxb8 b2 36. Qc7 b1=Q+ 37. Kg2 Qe4+ 38. Kf1 Qb1+ 39. Ke2 Qe4+ 40.
Kd2 Qd4+ 41. Kc2 Qc4+ 42. Kb2 Qb4+ 43. Kc2 Qc4+ 44. Kd2 Qd4+ 45. Ke2 Qe4+ 46.
Kf1 Qb1+ 47. Kg2 Qe4+ 48. f3 Qe2+ 49. Kh3 Qf1+ 50. Kg4 f5+ 51. Kf4 Qc4+ 52. Ke3
Qc3+ 53. Ke2 Qc2+ 54. Ke3 Qc3+ 55. Kf2 Qd2+ 56. Kg1 Qe1+ 57. Kg2 Qe2+ 58. Kh3
Qf1+ 59. Kh4 Qxf3 60. h3 Qe4+ 61. Kh5 Qf3+ 62. Kh4 Qe4+ 63. Kh5 {Game drawn by
mutual agreement} 1/2-1/2

[Event "Team 45 45 League T100"]
[Site "Internet Chess Club"]
[Date "2024.06.15"]
[Round "5"]
[White "martineden"]
[Black "fileman"]
[Result "0-1"]
[WhiteElo "1794"]
[BlackElo "1750"]
[Opening "Queen's pawn: Lundin (Kevitz-Mikenas) defense"]
[ECO "A40"]
[Time "10:16:15"]
[PlyCount "78"]
[TimeControl "2700+45"]

1. d4 Nc6 2. d5 Ne5 3. Nf3 Ng6 4. c4 e5 5. dxe6 fxe6 6. e4 Bc5 7. Nc3 a5 8. Bg5
N8e7 9. Be2 O-O 10. O-O d6 11. Qc2 e5 12. Rad1 Bd7 13. Nd5 h6 14. Bxe7 Nxe7 15.
a3 a4 16. Ne1 Ng6 17. Nd3 b6 18. Kh1 Be6 19. Nxc5 bxc5 20. Nc3 Nf4 21. Nd5 Bxd5
22. exd5 Qg5 23. Qe4 Nxe2 24. Qxe2 Rfb8 25. Rd3 Rb7 26. Qc2 Qg6 27. Qd1 Rab8 28.
Rg3 Qe4 29. Qxa4 Qe2 30. Kg1 Kh7 31. Qd7 Rg8 32. b3 Qc2 33. f4 exf4 34. Rxf4
Rxb3 35. Rxb3 Qxb3 36. a4 Qd1+ 37. Rf1 Qd4+ 38. Kh1 Qxc4 39. Qxc7 Qxf1# {White
checkmated} 0-1

[Event "Team 45 45 League T100"]
[Site "Internet Chess Club"]
[Date "2024.06.18"]
[Round "5"]
[White "MrAbendroth"]
[Black "BuddyT"]
[Result "0-1"]
[WhiteElo "1643"]
[BlackElo "1868"]
[Opening "Sicilian defense"]
[ECO "B33"]
[Time "10:02:37"]
[PlyCount "52"]
[TimeControl "2700+45"]

1. e4 c5 2. Nf3 Nc6 3. d4 cxd4 4. Nxd4 Nf6 5. Nc3 h5 6. Be2 e5 7. Ndb5 d6 8. Bg5
a6 9. Bxf6 gxf6 10. Na3 f5 11. exf5 Bxf5 12. Nd5 Nd4 13. c3 Be6 14. cxd4 Bxd5
15. O-O Qg5 16. f3 Bg7 17. dxe5 Bxe5 18. Qd3 Rg8 19. Rf2 Bf4 20. Bf1 O-O-O 21.
Nc4 Kb8 22. Re2 Qh4 23. h3 Qxh3 24. Qxd5 Qh2+ 25. Kf2 Qh4+ 26. Kg1 Bh2+ {White
resigns} 0-1

[Event "Team 45 45 League T100"]
[Site "Internet Chess Club"]
[Date "2024.06.18"]
[Round "5"]
[White "QuieroAprender"]
[Black "LoseOften"]
[Result "1-0"]
[WhiteElo "1735"]
[BlackElo "1670"]
[Opening "Caro-Kann: two knights variation"]
[ECO "B10"]
[Time "13:17:25"]
[PlyCount "53"]
[TimeControl "2700+45"]

1. e4 c6 2. Nf3 d5 3. Nc3 d4 4. Ne2 c5 5. Ng3 Bg4 6. Bc4 Nf6 7. h3 Bxf3 8. Qxf3
Nc6 9. O-O e6 10. a3 Bd6 11. d3 h6 12. Nh5 Ne5 13. Bb5+ Ke7 14. Qe2 Qc7 15. f4
Nxh5 16. fxe5 Ng3 17. exd6+ Qxd6 18. Qf3 Nxf1 19. Kxf1 Rhf8 20. Bf4 e5 21. Bd2
f5 22. exf5 g6 23. Qxb7+ Kf6 24. Bxh6 Kxf5 25. Qd7+ Qe6 26. Bxf8 Rxf8 27. Ke2
{Black resigns} 1-0

[Event "Team 45 45 League T100"]
[Site "Internet Chess Club"]
[Date "2024.06.14"]
[Round "5"]
[White "Redman1"]
[Black "Portola"]
[Result "0-1"]
[WhiteElo "1525"]
[BlackElo "1666"]
[Opening "Queen's pawn game, Darooha variation "]
[ECO "D11"]
[Time "06:45:38"]
[PlyCount "56"]
[TimeControl "2700+45"]

1. Nf3 d5 2. d4 Nf6 3. c4 c6 4. g3 Bf5 5. Bg2 e6 6. Nc3 Be7 7. O-O Nbd7 8. cxd5
exd5 9. a3 h6 10. b4 a6 11. h3 Nb6 12. Ne5 Nfd7 13. Nxd7 Qxd7 14. Kh2 O-O 15.
Na4 Nxa4 16. Qxa4 Bd6 17. Bd2 Rfe8 18. Rfe1 Re7 19. e3 Rae8 20. Qb3 h5 21. h4
Kh7 22. Rh1 Qe6 23. Kg1 Qg6 24. Be1 Bxg3 25. fxg3 Rxe3 26. Qb2 Rxe1+ 27. Kh2
R1e2 28. Qc3 R8e3 {White resigns} 0-1

[Event "Team 45 45 League T100"]
[Site "Internet Chess Club"]
[Date "2024.06.16"]
[Round "5"]
[White "primerpaso"]
[Black "zugknightly"]
[Result "1-0"]
[WhiteElo "1823"]
[BlackElo "1828"]
[Opening "English: Anglo-Dutch defense"]
[ECO "A10"]
[Time "14:03:56"]
[PlyCount "54"]
[TimeControl "2700+45"]

1. c4 f5 2. Nc3 Nf6 3. g3 d6 4. Bg2 g6 5. e4 fxe4 6. Nxe4 Nxe4 7. Bxe4 Bg7 8.
Ne2 e5 9. O-O c6 10. d4 d5 11. cxd5 cxd5 12. Bg2 e4 13. Qb3 Nc6 14. Be3 b6 15.
Nf4 Ne7 16. f3 Nf5 17. fxe4 Nxe3 18. Qxe3 O-O 19. Nxd5 Rxf1+ 20. Rxf1 Ba6 21.
Rd1 Bc4 22. Nc3 Rc8 23. b3 Be6 24. e5 Qc7 25. Ne4 Rd8 26. Nf2 Bd5 27. Bxd5+ Rxd5
{Black resigns} 1-0

[Event "Team 45 45 League T100"]
[Site "Internet Chess Club"]
[Date "2024.06.18"]
[Round "5"]
[White "jjmolina1"]
[Black "VictorRed"]
[Result "1/2-1/2"]
[WhiteElo "1511"]
[BlackElo "1643"]
[Opening "Sicilian"]
[ECO "B54"]
[Time "10:01:34"]
[PlyCount "114"]
[TimeControl "2700+45"]

1. e4 c5 2. Nf3 d6 3. d4 cxd4 4. Nxd4 Bd7 5. Nc3 a6 6. Be3 e5 7. Nb3 Nf6 8. f3
Be7 9. Qd2 O-O 10. O-O-O Nc6 11. g4 Ne8 12. Nd5 a5 13. Nb6 Rb8 14. Nxa5 Nxa5 15.
Qxa5 Be6 16. Bc4 Bxc4 17. Nxc4 Qxa5 18. Nxa5 Nc7 19. Nc4 Ne8 20. Nb6 Rd8 21. h4
Nc7 22. g5 f5 23. gxf6 Rxf6 24. Bg5 Rf7 25. Bxe7 Rxe7 26. Nd5 Nxd5 27. Rxd5 Kf7
28. Rhd1 Ke6 29. R1d3 Rf7 30. c4 b6 31. Rb5 Rf4 32. Rxb6 Rxh4 33. Rb7 Rc8 34. b3
g5 35. Rb6 Rh1+ 36. Rd1 Rxd1+ 37. Kxd1 h5 38. a4 h4 39. Ke2 h3 40. Kf2 h2 41.
Kg2 Rh8 42. Kh1 Kd7 43. a5 Kc7 44. b4 Rh3 45. c5 dxc5 46. bxc5 Rxf3 47. Kxh2 Re3
48. a6 Rxe4 49. Rb7+ Kc6 50. Rg7 Kxc5 51. Rxg5 Kd5 52. a7 Ra4 53. Rg7 e4 54. Kg3
Ra3+ 55. Kf4 e3 56. Kf3 Kc5 57. a8=Q Rxa8 {Game drawn by mutual agreement}
1/2-1/2

[Event "Team 45 45 League T100"]
[Site "Internet Chess Club"]
[Date "2024.06.15"]
[Round "5"]
[White "kabindra"]
[Black "Gilguli"]
[Result "1/2-1/2"]
[WhiteElo "1722"]
[BlackElo "1469"]
[Opening "King's pawn game"]
[ECO "C50"]
[Time "13:00:40"]
[PlyCount "135"]
[TimeControl "2700+45"]

1. e4 e5 2. Bc4 Nc6 3. Nf3 g6 4. d4 Bg7 5. Bg5 Nge7 6. dxe5 Nxe5 7. Nxe5 Bxe5 8.
Nc3 O-O 9. Nd5 Re8 10. Nxe7+ Rxe7 11. Bxe7 Qxe7 12. c3 c6 13. O-O d5 14. exd5
Qh4 15. f4 Bxf4 16. Rxf4 Qxf4 17. Qf1 Qe3+ 18. Kh1 cxd5 19. Bxd5 Bf5 20. Bxb7
Rb8 21. Qf3 Qxf3 22. Bxf3 Rxb2 23. Bd5 Rc2 24. c4 Be6 25. Kg1 Bxd5 26. cxd5 Rd2
27. Rc1 Rxd5 28. Rc2 Kg7 29. Kf2 Kf6 30. Ke3 Re5+ 31. Kd4 Ke6 32. Rc6+ Kf5 33.
h3 Ra5 34. Rc2 Ra4+ 35. Kc5 Ke4 36. Kb5 Ra3 37. Kb4 Ra6 38. a4 Kd3 39. Rc7 f5
40. Rxh7 Ke2 41. Kb5 Rb6+ 42. Ka5 Kf2 43. g4 f4 44. Rxa7 Rb3 45. h4 Kg3 46. Rg7
Kxg4 47. Rxg6+ Kxh4 48. Ka6 f3 49. Rf6 Kg3 50. a5 f2 51. Rg6+ Kf3 52. Rf6+ Kg2
53. Rxf2+ Kxf2 54. Ka7 Ke3 55. a6 Kd4 56. Ka8 Kc5 57. a7 Re3 58. Kb8 Kb6 59.
a8=N+ Kc6 60. Ka7 Re8 61. Nb6 Re7+ 62. Ka6 Re1 63. Ka5 Ra1+ 64. Na4 Ra2 65. Kb4
Ra1 66. Nc3 Rc1 67. Kb3 Rxc3+ 68. Kxc3 {Game drawn because neither player has
mating material} 1/2-1/2

[Event "Team 45 45 League T100"]
[Site "Internet Chess Club"]
[Date "2024.06.15"]
[Round "5"]
[White "ARMAND02019"]
[Black "cayo89"]
[Result "1/2-1/2"]
[WhiteElo "1562"]
[BlackElo "1565"]
[Opening "Réti opening"]
[ECO "A04"]
[Time "20:02:43"]
[PlyCount "88"]
[TimeControl "2700+45"]

1. Nf3 d6 2. e4 Nf6 3. Nc3 e5 4. Bc4 Be7 5. d3 Nbd7 6. h3 h6 7. Be3 c6 8. Qd2 b5
9. Bb3 b4 10. Ne2 c5 11. a3 a5 12. axb4 cxb4 13. Ng3 Nf8 14. d4 Qc7 15. dxe5
dxe5 16. O-O g5 17. Ne1 Ng6 18. f3 Be6 19. Bxe6 fxe6 20. Nd3 O-O 21. Qf2 a4 22.
Nc5 Bxc5 23. Bxc5 Rfc8 24. Bxb4 Qxc2 25. Bc3 Qxf2+ 26. Rxf2 a3 27. Rff1 Kf7 28.
Rfc1 axb2 29. Bxb2 Rxa1 30. Rxa1 Rc2 31. Ra7+ Ke8 32. Ba3 Nf4 33. Nh1 Rxg2+ 34.
Kf1 N6h5 35. Bd6 Rh2 36. Kg1 Rxh3 37. Bxe5 Rxf3 38. Rh7 Re3 39. Nf2 Re1+ 40. Kh2
Re2 41. Kg1 Re1+ 42. Kh2 Re2 43. Kg1 Re1+ 44. Kh2 Re2 {Game drawn by repetition}
1/2-1/2

[Event "Team 45 45 League T100"]
[Site "Internet Chess Club"]
[Date "2024.06.18"]
[Round "5"]
[White "Gilguli"]
[Black "Kingofknights"]
[Result "0-1"]
[WhiteElo "1455"]
[BlackElo "1517"]
[Opening "Caro-Kann defense"]
[ECO "B11"]
[Time "14:01:36"]
[PlyCount "78"]
[TimeControl "2700+45"]

1. e4 c6 2. Nc3 a6 3. g3 d5 4. e5 Bf5 5. f4 d4 6. Nb1 Be4 7. Nf3 e6 8. Bg2 Nh6
9. O-O Bc5 10. d3 Bxf3 11. Bxf3 Nf5 12. g4 Nh4 13. Bh1 Nd7 14. Nd2 Qc7 15. Qe1
Be7 16. Qf2 O-O-O 17. Qxd4 Bc5 18. Qxc5 Nxc5 19. Nc4 Kb8 20. b4 Na4 21. Be3 Rd7
22. Rab1 Nc3 23. Rb3 Ne2+ 24. Kf2 Nd4 25. Ra3 h5 26. c3 Nb5 27. Bb6 Qc8 28. Nd6
Nxd6 29. exd6 Rxd6 30. c4 Qd7 31. Rd1 hxg4 32. b5 cxb5 33. cxb5 Rxb6 34. bxa6
bxa6 35. Rb3 Qd4+ 36. Kg3 Rxb3 37. axb3 Nf5+ 38. Kxg4 Rh4+ 39. Kg5 Qxf4# {White
checkmated} 0-1

[Event "Team 45 45 League T100"]
[Site "Internet Chess Club"]
[Date "2024.06.15"]
[Round "5"]
[White "kingphisch"]
[Black "Toalla"]
[Result "1-0"]
[WhiteElo "1287"]
[BlackElo "1083"]
[Opening "Sicilian: closed"]
[ECO "B23"]
[Time "14:03:11"]
[PlyCount "53"]
[TimeControl "2700+45"]

1. e4 c5 2. Nc3 e6 3. f4 d5 4. exd5 exd5 5. Nf3 Bg4 6. Be2 Nf6 7. h3 Be6 8. O-O
Be7 9. d3 Nbd7 10. Ng5 h6 11. Nxe6 fxe6 12. Bh5+ Kf8 13. f5 Kg8 14. fxe6 Nf8 15.
Bf7+ Kh7 16. Qf3 g6 17. Qf4 Kg7 18. Qg3 Nh5 19. Qf3 Nf6 20. Bf4 g5 21. Be5 Nh7
22. Nxd5 Rf8 23. Qf5 Rxf7 24. exf7 Qf8 25. Bxf6+ Bxf6 26. Nxf6 Qxf7 27. Nh5+
{Black resigns} 1-0

[Event "Team 45 45 League T100"]
[Site "Internet Chess Club"]
[Date "2024.06.13"]
[Round "5"]
[White "Portola"]
[Black "AlWynJones"]
[Result "0-1"]
[WhiteElo "1655"]
[BlackElo "1508"]
[Opening "King's Indian: East Indian defense"]
[ECO "A48"]
[Time "13:00:36"]
[PlyCount "126"]
[TimeControl "2700+45"]

1. d4 Nf6 2. Nf3 g6 3. c3 d5 4. Bg5 Bg7 5. Nbd2 h6 6. Bh4 c5 7. e3 cxd4 8. exd4
Bg4 9. Be2 Nc6 10. O-O O-O 11. Re1 Re8 12. Qb3 Qd7 13. h3 Bxf3 14. Bxf3 e5 15.
Bxf6 Bxf6 16. dxe5 Bxe5 17. Qxd5 Qxd5 18. Bxd5 Rad8 19. Bxc6 bxc6 20. Nf3 Bg7
21. Rxe8+ Rxe8 22. Re1 Rb8 23. Re2 c5 24. Kf1 a5 25. Ke1 a4 26. Ne5 Bxe5 27.
Rxe5 Rxb2 28. Rxc5 Rxa2 29. Ra5 Rc2 30. Rxa4 Rxc3 31. Kd2 Rb3 32. Kc2 Rb6 33. f4
Rd6 34. g3 h5 35. Re4 Kg7 36. Re3 Kf6 37. Rd3 Ke6 38. Re3+ Kf5 39. Re7 f6 40.
Re3 Rd5 41. Kb3 h4 42. Kc2 hxg3 43. Rxg3 Rd4 44. Kc3 Rxf4 45. Kd3 Ra4 46. Rf3+
Kg5 47. Rg3+ Kh5 48. Ke2 Ra2+ 49. Kf1 g5 50. Rf3 Kh4 51. Rxf6 Kxh3 52. Rh6+ Kg3
53. Ke1 g4 54. Rd6 Kg2 55. Re6 g3 56. Rg6 Kh2 57. Rh6+ Kg1 58. Rg6 g2 59. Rh6
Ra4 60. Rh5 Re4+ 61. Kd2 Kf2 62. Rf5+ Kg3 63. Kd3 Rg4 {White resigns} 0-1

[Event "Team 45 45 League T100"]
[Site "Internet Chess Club"]
[Date "2024.06.15"]
[Round "5"]
[White "fvafier"]
[Black "Signofthetimes"]
[Result "1-0"]
[WhiteElo "1433"]
[BlackElo "1515"]
[Opening "Caro-Kann: advance variation"]
[ECO "B12"]
[Time "09:00:40"]
[PlyCount "87"]
[TimeControl "2700+45"]

1. e4 c6 2. d4 d5 3. e5 Bf5 4. h4 h5 5. Bd3 Bxd3 6. Qxd3 e6 7. Bg5 Be7 8. Nf3
Bxg5 9. Nxg5 Nh6 10. Nd2 Qb6 11. Nb3 Nd7 12. O-O O-O-O 13. c4 Rde8 14. cxd5 exd5
15. Rac1 f6 16. exf6 gxf6 17. Nf3 Rhg8 18. Qh7 Rh8 19. Qg6 Ng4 20. Qf5 Kd8 21.
Rce1 Rxe1 22. Rxe1 Qc7 23. Qe6 Rf8 24. Qe7+ Kc8 25. Qh7 f5 26. Qxh5 b6 27. Re8+
Rxe8 28. Qxe8+ Qd8 29. Qe6 Qf6 30. Qxf6 Ngxf6 31. Ne5 Kc7 32. f3 Kd6 33. Nxd7
Kxd7 34. Kf2 Kd6 35. Ke3 c5 36. Kf4 c4 37. Nd2 Ke6 38. g4 fxg4 39. fxg4 b5 40.
h5 b4 41. h6 c3 42. bxc3 bxc3 43. Nb3 Ne4 44. h7 {Black resigns} 1-0

[Event "Team 45 45 League T100"]
[Site "Internet Chess Club"]
[Date "2024.06.15"]
[Round "5"]
[White "nosir"]
[Black "Denis240964"]
[Result "0-1"]
[WhiteElo "1401"]
[BlackElo "1319"]
[Opening "Queen's pawn, Mason variation, Steinitz counter-gambit"]
[ECO "D00"]
[Time "07:00:18"]
[PlyCount "56"]
[TimeControl "2700+45"]

1. d4 d5 2. Bf4 c5 3. e3 Nf6 4. c3 e6 5. Nf3 Nc6 6. Nbd2 h6 7. Bd3 Nh5 8. Ne5
Nxf4 9. exf4 Nxe5 10. fxe5 c4 11. Bc2 Bd7 12. b3 b5 13. bxc4 bxc4 14. O-O Rb8
15. Rb1 Be7 16. Qe2 O-O 17. f4 Qa5 18. f5 Qxc3 19. Rxb8 Rxb8 20. fxe6 Qxd4+ 21.
Qf2 Qxf2+ 22. Kxf2 Bxe6 23. Nf3 Rb2 24. Rc1 Rxa2 25. Ke1 Ba3 26. Bb1 Rxg2 27.
Rd1 Bb4+ 28. Kf1 Rb2 {White resigns} 0-1